 Dungeon Crawl Stone Soup version 0.31-a0-233-g139696dc86 (webtiles) character file.

Game seed: 4312892384018343955

27215 olmar the Basher (level 13, -3/121 HPs)
             Began as an Armataur Fighter on July 8, 2023.
             Was an Initiate of Gozag.
             Slain by a death yak (23 damage)
             ... on level 3 of the Lair of Beasts.
             The game lasted 00:19:16 (17606 turns).

olmar the Basher (Armataur Fighter)                Turns: 17606, Time: 00:19:16

Health: -3/121     AC: 11    Str: 32    XL:     13   Next: 3%
Magic:  13/13      EV:  9    Int: 10    God:    Gozag
Gold:   2723       SH:  5    Dex: 13    Spells: 12/12 levels left

rFire   . . .        h - +4 flail (venom)
rCold   . . .        c - +0 buckler
rNeg    . . .        K - +3 ring mail of Subjectivity {Dex+4}
rPois   +            W - +0 hat {Stlth+}
rElec   .            U - scarf {repulsion}
rCorr   .            (no gloves)
SInv    .            (no barding)
Will    .....        R - amulet of magic regeneration
Stlth   ++           v - ring of poison resistance
HPRegen 0.40/turn    X - +6 ring of strength
MPRegen 0.53/turn

%: repel missiles, roll
@: about to teleport
A: large, rugged brown scales 3, deformed body, armoured tail, roll, long
tongue, awkward tongue
a: Renounce Religion, Potion Petition, Call Merchant, Bribe Branch


You were on level 3 of the Lair of Beasts.
You worshipped Gozag.
Gozag was most pleased with you.
You visited 3 branches of the dungeon, and saw 16 of its levels.
You also visited: Ossuary.

You collected 2778 gold pieces.
You paid 55 gold pieces to Gozag.

Inventory:

Hand Weapons
 h - a +4 flail of venom (weapon)
Missiles
 a - 4 throwing nets
 p - 5 poisoned darts (quivered)
 t - 6 javelins
 O - a curare-tipped dart
Armour
 c - a +0 buckler (worn)
 n - a +2 cloak
 K - the +3 ring mail of Subjectivity (worn) {Dex+4}
   (You found it on level 7 of the Dungeon)

   Dex:       It affects your dexterity (+4).
 U - a scarf of repulsion (worn)
 W - a +0 hat of stealth (worn)
 Z - a +0 troll leather armour
Jewellery
 v - a ring of poison resistance (left hand)
 B - a +4 ring of protection
 F - a ring of ice
 R - an amulet of magic regeneration (around neck)
 T - a ring of flight
 V - a +4 ring of protection
 X - a +6 ring of strength (right hand)
Wands
 y - a wand of flame (20)
 C - a wand of quicksilver (7)
 P - a wand of charming (14)
 Y - a wand of mindburst (9)
Scrolls
 b - a scroll of identify
 f - a scroll of vulnerability
 g - 2 scrolls of teleportation
 i - 2 scrolls of enchant weapon
 j - a scroll of fog
 l - 3 scrolls of blinking
 o - 2 scrolls of amnesia
 r - 2 scrolls of brand weapon
 s - a scroll of immolation
 u - 6 scrolls of enchant armour
 D - a scroll of silence
 G - 6 scrolls of fear
 M - 2 scrolls of noise
Potions
 d - a potion of might
 k - 3 potions of curing
 m - 4 potions of heal wounds
 q - 2 potions of attraction
 w - 3 potions of enlightenment
 z - 2 potions of mutation
 E - 4 potions of cancellation
 H - 3 potions of brilliance
 I - 3 potions of lignification
 J - a potion of berserk rage
 S - a potion of invisibility


   Skills:
 + Level 10.7 Fighting
 + Level 14.8 Maces & Flails
 + Level 12.6 Armour
 - Level 1.6 Dodging
 - Level 0.2 Stealth
 - Level 4.1 Shields


You had 12 spell levels left.
You didn't know any spells.
Your spell library contained the following spells:

 Spells                   Type           Power      Damage    Failure   Level
 Apportation              Tloc           0%         N/A       50%         1
 Necrotise                Necr           0%         1d4       50%         1
 Dazzling Flash           Conj/Hex       0%         N/A       86%         3
 Ozocubu's Armour         Ice            0%         N/A       86%         3
 Vampiric Draining        Necr           0%         2d6       86%         3
 Agony                    Necr           0%         N/A       100%        5
 Alistair's Intoxication  Tmut/Pois      0%         N/A       100%        5
 Iskenderun's Battlesphe  Conj           0%         2d6       100%        5
 Silence                  Hex/Air        0%         N/A       100%        5
 Leda's Unmaking          Conj/Erth      0%         9d1       100%        6
 Ozocubu's Refrigeration  Ice            0%         4d7       100%        7
 Spellforged Servitor     Conj/Summ      0%         N/A       100%        7


Dungeon Overview and Level Annotations

Branches:
Dungeon (12/15)            Temple (1/1) D:4            Lair (3/5) D:9
 Shoals (0/4) Lair:2        Snake (0/4) Lair:2      Ossuary (visited)
    Orc: D:9-12

Altars:
Ashenzari
Cheibriados
Dithmenos
Elyvilon
Fedhas
Gozag
Kikubaaqudgha
Nemelex Xobeh
Okawaru
Qazlal
Ru
Sif Muna
Trog
Uskayaw
Vehumet
Xom
Yredelemnul
The Shining One
Jiyva

Annotations:
D:2 1 runed translucent door, Crazy Yiuf
D:4 1 runed translucent door, IYTBazzie's ghost, amateur FoVM


Innate Abilities, Weirdness & Mutations

You are completely covered in rugged brown scales. (AC +3, +7% HP)
Armour fits poorly on your strangely shaped body.
You have a long armoured tail.
You roll when moving toward enemies. (Rampage)
Your long tongue fully drains potion bottles. (2x potion effects)
Your tongue gives you trouble enunciating. (1.5x scroll delay)


Message History

Okay, then.
Okay, then.
Aiming: Mindburst
Press: ? - help, Shift-Dir - straight line, f/p - death yak
Aim: a death yak (lightly wounded, extremely poisoned, chance to affect: 6%)
Okay, then.
You hit the death yak.
The death yak is moderately wounded.
The wyvern hisses menacingly.
The death yak gores you! x2
Unknown command.
Unknown command.
You sock the death yak!
The death yak looks as sick as possible!
The death yak is heavily wounded.
As you slowly read the scroll of teleportation, it crumbles to dust.
You feel strangely unstable. You block the death yak's attack.
The death yak gores you!! You block the death yak's attack.
The death yak gores you!
Unknown command.
You hit the death yak but do no damage.
The death yak looks as sick as possible!
The death yak is heavily wounded.
The death yak gores you!
Unknown command.
Unknown command.
You thump the death yak!
The death yak looks as sick as possible!
The death yak is severely wounded.
Unknown command.
You sock the death yak!
The death yak looks as sick as possible!
Your tail-slap misses the death yak.
The death yak is almost dead.
The wyvern bites you but does no damage.
The death yak closely misses you. The death yak gores you!!
* * * LOW HITPOINT WARNING * * *
The death yak attacks as you move away! The death yak gores you!!
You die...
Your body crumbles into a pile of gold.

.......## ##P.........###
.......# #P.........#...
.......###### ###.............#
.......P..#P# #...........#.#..
............#####+.#..........##.
...................#.........###.
...............+.8.##..>...#.#...
................#Y........##.....
................@lY.#...###.....#
................Y#(............##
.................##Y(..8.....##..
................####.(......##.#.
...............#####.8...8.######
.........P...#.# #.#.......######
.........P..######.....8....#..#.
...........#####......$Y.Y...#YY.
..........###.#.....##..#.#...#..


You could see 4 death yaks and a wyvern.

Vanquished Creatures
  Gastronok (Lair:2)
  Harold (Lair:2)
  2 hydras
  A boulder beetle (D:11)
  4 two-headed ogres
  3 death yaks
  A cyclops (D:11)
  4 elephants (Lair:2)
  A black mamba (Lair:1)
  5 cane toads
  An unseen horror (D:11)
  A torpor snail (Lair:3)
  A kobold demonologist (D:10)
  4 komodo dragons
  A troll (D:11)
  3 hornets
  7 blink frogs (Lair:1)
  Prince Ribbit (D:8)
  A wyvern (Lair:1)
  A wraith (D:10)
  22 yaks
  6 basilisks
  6 vampire mosquitoes (D:12)
  3 nagas (Lair:2)
  2 acid dragons
  5 water moccasins
  An orc warrior (D:7)
  A sky beast (D:8)
  5 black bears
  2 ice beasts (D:5)
  3 ogres
  2 centaurs
  3 phantoms
  10 bullfrogs
  3 kobold brigands
  19 scorpions
  2 gnoll sergeants (D:11)
  9 wights
  A howler monkey (D:5)
  4 centaur zombies (Ossuary)
  2 hounds
  3 human zombies (Ossuary)
  5 jellies
  A gnoll bouda (D:9)
  5 orc priests
  7 iguanas
  3 sleepcaps
  Natasha (thrice) (D:2)
  9 orc wizards
  5 scorpion zombies (Ossuary)
  3 mummies (Ossuary)
  10 adders
  10 gnolls
  2 shadow imps
  A white imp (D:7)
  2 ufetubi
  A worm (D:4)
  2 dart slugs
  22 orcs
  7 endoplasms
  3 giant cockroaches
  3 gnoll zombies (Ossuary)
  2 hobgoblins (D:4)
  12 kobolds
  4 quokkas (D:1)
  7 ball pythons
  9 bats
  2 frilled lizards
  6 goblins
  2 goblin zombies (Ossuary)
  2 hobgoblin zombies (Ossuary)
  4 kobold zombies (Ossuary)
  An orc zombie (Ossuary)
  3 rats
316 creatures vanquished.

Vanquished Creatures (collateral kills)
  A komodo dragon (Lair:1)
  A blink frog (Lair:1)
  A black bear (Lair:1)
3 creatures vanquished.

Vanquished Creatures (others)
  A quokka (D:5)
1 creature vanquished.

Grand Total: 320 creatures vanquished

Notes
Turn   | Place    | Note
-------+----------+-------------------------------------------
     0 | D:1      | olmar the Armataur Fighter began the quest for the Orb.
     0 | D:1      | Reached XP level 1. HP: 19/19 MP: 1/1
   164 | D:1      | Reached XP level 2. HP: 26/26 MP: 2/2
   179 | D:1      | Reached skill level 2 in Maces & Flails
   324 | D:1      | Found a faded altar of an unknown god.
   661 | D:1      | Reached XP level 3. HP: 33/33 MP: 3/3
   877 | D:2      | Noticed Natasha
   887 | D:2      | Killed Natasha
   944 | D:2      | Reached XP level 4. HP: 40/40 MP: 4/4
  1037 | D:2      | Found a runed translucent door.
  1038 | D:2      | Noticed Crazy Yiuf
  1092 | D:2      | Noticed Natasha
  1097 | D:2      | Killed Natasha
  1447 | D:2      | Noticed Natasha
  1453 | D:2      | Killed Natasha
  1454 | D:2      | Reached skill level 5 in Armour
  1454 | D:2      | Reached XP level 5. HP: 36/48 MP: 5/5
  1968 | D:3      | Reached skill level 3 in Maces & Flails
  2813 | D:4      | Reached skill level 1 in Dodging
  2866 | D:4      | Found a runed translucent door.
  3066 | D:4      | Found a shimmering altar of Xom.
  3087 | D:4      | Noticed a phantom
  3106 | D:4      | Killed a phantom
  3107 | D:4      | Reached XP level 6. HP: 51/54 MP: 6/6
  3266 | D:4      | Found a staircase to the Ecumenical Temple.
  3271 | Temple   | Entered the Ecumenical Temple
  3291 | Temple   | Became a worshipper of Gozag Ym Sagoz the Greedy
  3532 | D:4      | Found a bloodstained altar of Trog.
  3532 | D:4      | Found a sparkling altar of Nemelex Xobeh.
  3542 | D:4      | Noticed IYTBazzie's ghost (amateur FoVM)
  3749 | D:5      | Entered Level 5 of the Dungeon
  3753 | D:5      | Reached skill level 4 in Maces & Flails
  3895 | D:5      | Reached XP level 7. HP: 60/62 MP: 7/7
  3960 | D:5      | Found a hide-covered altar of Uskayaw.
  4415 | D:5      | Found a glowing golden altar of the Shining One.
  4454 | D:5      | Reached skill level 5 in Maces & Flails
  4721 | D:5      | Reached XP level 8. HP: 69/71 MP: 8/8
  4760 | D:5      | Reached skill level 6 in Maces & Flails
  5221 | D:6      | Reached skill level 7 in Maces & Flails
  5227 | D:6      | Reached skill level 5 in Fighting
  5293 | D:6      | Found a sand-covered staircase.
  5301 | Ossuary  | Entered an ossuary
  5425 | Ossuary  | Reached XP level 9. HP: 68/79 MP: 9/9
  5575 | Ossuary  | Reached skill level 8 in Maces & Flails
  6192 | D:6      | Reached skill level 9 in Maces & Flails
  6781 | D:7      | HP: 2/80 [orc priest/divine providence (13)]
  7336 | D:7      | Reached XP level 10. HP: 82/89 MP: 10/10
  7380 | D:7      | Identified the +3 ring mail of Subjectivity {Dex+4}
  7987 | D:8      | Reached skill level 10 in Maces & Flails
  8587 | D:8      | Noticed Prince Ribbit
  8594 | D:8      | Killed Prince Ribbit
  9006 | D:9      | Noticed a two-headed ogre
  9023 | D:9      | Killed a two-headed ogre
  9024 | D:9      | Reached skill level 11 in Maces & Flails
  9163 | D:9      | Found a staircase to the Lair.
  9189 | D:9      | Reached skill level 10 in Armour
  9399 | D:9      | Found a blossoming altar of Fedhas.
  9401 | D:9      | Found an ancient bone altar of Kikubaaqudgha.
  9487 | D:9      | Noticed a two-headed ogre
  9499 | D:9      | Killed a two-headed ogre
  9500 | D:9      | Reached XP level 11. HP: 73/98 MP: 11/11
  9624 | D:9      | Noticed a two-headed ogre
  9639 | D:9      | Killed a two-headed ogre
  9640 | D:9      | Reached skill level 12 in Maces & Flails
 10028 | D:9      | Found a snail-covered altar of Cheibriados.
 10033 | D:9      | Found a sacrificial altar of Ru.
 10097 | D:10     | Entered Level 10 of the Dungeon
 10102 | D:10     | Found a shadowy altar of Dithmenos.
 10222 | D:10     | Noticed a two-headed ogre
 10231 | D:10     | Killed a two-headed ogre
 12273 | D:11     | Noticed a boulder beetle
 12291 | D:11     | Killed a boulder beetle
 12292 | D:11     | Reached skill level 13 in Maces & Flails
 12524 | D:11     | Found a shimmering blue altar of Sif Muna.
 12568 | D:12     | Noticed a skeletal warrior
 12571 | D:12     | Noticed a skeletal warrior
 12742 | D:12     | Noticed a skeletal warrior
 12764 | D:12     | Noticed a boulder beetle
 13026 | Lair:1   | Entered Level 1 of the Lair of Beasts
 13364 | Lair:1   | Noticed a four-headed hydra
 13372 | Lair:1   | Killed a four-headed hydra
 13373 | Lair:1   | Reached XP level 12. HP: 57/111 MP: 12/12
 14370 | Lair:2   | Reached skill level 14 in Maces & Flails
 14679 | Lair:2   | Found a staircase to the Snake Pit.
 14886 | Lair:2   | Noticed Gastronok
 14900 | Lair:2   | Killed Gastronok
 14901 | Lair:2   | Reached skill level 10 in Fighting
 14943 | Lair:2   | Found a staircase to the Shoals.
 15144 | Lair:2   | Noticed Harold
 15156 | Lair:2   | Killed Harold
 16385 | Lair:3   | Noticed a death yak
 16386 | Lair:3   | Noticed a death yak
 16386 | Lair:3   | Noticed a death yak
 16386 | Lair:3   | Noticed a death yak
 16387 | Lair:3   | Noticed a death yak
 16388 | Lair:3   | Noticed a death yak
 16687 | Lair:2   | Killed a death yak
 17004 | Lair:3   | Noticed a death yak
 17017 | Lair:3   | Killed a death yak
 17234 | Lair:3   | Noticed a five-headed hydra
 17241 | Lair:3   | Killed a five-headed hydra
 17242 | Lair:3   | Reached XP level 13. HP: 86/121 MP: 13/13
 17606 | Lair:3   | Slain by a death yak

Illustrated notes

Levels and vault maps discovered:
D:1:      ldierk_walled_garden_2, layout_loops_ring,
          dreamdust_ecumenical_altar_grove
D:2:      layout_basic, minmay_tree_intersection, uniq_crazy_yiuf_cottage,
          uniq_natasha
D:3:      layout_basic, kennysheep_generic_room_9
D:4:      layout_basic, mainiacjoe_overflow_alcove_2,
          gammafunk_temple_overflow_wave, minmay_temple_entry_ruins,
          gammafunk_ghost_grave
D:5:      minmay_opposing_rooms, layout_cave_pods,
          mainiacjoe_overflow_six_doors_small, mainiacjoe_overflow_catwalk,
          serial_glass, glass_columns_c, glass_columns_b, minmay_misc_feat_cross
D:6:      layout_gridville, nicolae_ossuary_entry_monument,
          kennysheep_cross_bottleneck
D:7:      layout_basic
D:8:      layout_loops_ring, grunt_ministairs_12, grunt_decor_clamped,
          uniq_prince_ribbit1
D:9:      layout_loops_ring, grunt_temple_overflow_growth_and_decay,
          nicolae_overflow_hidden_temple, due_lair_maze_entry_diamond,
          nicolae_water_bricks, nicolae_concentric_dashed_squares_mild,
          nrook_mini_backslash
D:10:     layout_basic, old_standard_altar
D:11:     layout_loops_ring, nicolae_sif_muna_little_library
D:12:     layout_rooms, orc_0_dummy
Temple:   pf_slime_end_temple
Lair:1:   layout_regular_city, infiniplex_staircase_pool, grunt_megastairs_1
Lair:2:   layout_roguey, shoals_dummy_entry, minmay_snake_entry_guardpost_small,
          uniq_gastronok, uniq_harold
Lair:3:   layout_cave_pods, kennysheep_basilisk_garden, grunt_megastairs_4

Skill      XL: |  1  2  3  4  5  6  7  8  9 10 11 12 |
---------------+-------------------------------------+-----
Maces & Flails | 2 3 4 5 7 9 11 13 14 | 14.8
Fighting       | 3 4 5 6 7 9 10 | 10.7
Armour         | 4 5 7 8 9 10 11 12 | 12.6
Dodging        | 1 |  1.6
Shields        | 4 |  4.1
Stealth        | |  0.2

Action                     |  1- 3 |  4- 6 |  7- 9 | 10-12 | 13-15 || total
---------------------------+-------+-------+-------+-------+-------++-------
  Melee: Flail             |   105 |   170 |   376 |   628 |    17 ||  1296
         Tailslap          |     6 |    20 |    67 |   112 |     4 ||   209
  Throw: Javelin           |       |       |     7 |     4 |       ||    11
         Dart              |       |       |     2 |    47 |     6 ||    55
  Evoke: Wand              |       |     1 |       |     9 |       ||    10
    Use: Scroll            |     1 |     1 |     9 |    19 |     2 ||    32
         Potion            |       |       |     2 |     3 |       ||     5
   Stab: Invisible         |       |       |     6 |       |       ||     6
         Distracted        |       |       |       |     2 |       ||     2
 Armour: Scale mail        |    69 |   103 |   221 |     6 |       ||   399
         Ring mail         |       |       |       |   250 |     3 ||   253
  Dodge: Dodged            |    36 |    53 |   140 |   174 |     3 ||   406
         Repelled          |       |       |       |     1 |       ||     1
  Block: Buckler           |    23 |    37 |    85 |    93 |     4 ||   242

Table legend: (Time is in decaauts)
 A = Elapsed time spent in this place.
 B = Non-inter-level travel time spent in this place.
 C = Inter-level travel time spent in this place.
 D = Time resting spent in this place.
 E = Time spent auto-exploring this place.
 F = Levels seen in this place.
 G = Mean time per level.
                   A        B        C        D        E       F      G
               +--------+--------+--------+--------+--------+-----+--------+
         Total |  17637 |  16751 |    886 |   2561 |  11397 |  17 | 1037.5 |
       Dungeon |  12461 |  11632 |    829 |    956 |   8771 |  12 | 1038.4 |
        Temple |    116 |    101 |     15 |      0 |     87 |   1 |  116.0 |
          Lair |   4530 |   4488 |     42 |   1597 |   2267 |   3 | 1510.0 |
       Ossuary |    529 |    529 |      0 |      8 |    272 |   1 |  529.0 |
               +--------+--------+--------+--------+--------+-----+--------+

Top non-repeatable levels by time:
  Lair:3: 1662 daAuts
     D:5: 1523 daAuts
  Lair:1: 1487 daAuts
     D:7: 1466 daAuts
  Lair:2: 1381 daAuts
    D:10: 1259 daAuts
     D:3: 1161 daAuts
     D:9: 1156 daAuts
     D:8: 1057 daAuts
    D:11: 988 daAuts
     D:2: 922 daAuts
     D:4: 908 daAuts
     D:1: 858 daAuts
     D:6: 825 daAuts
 Ossuary: 529 daAuts
